 Dungeon Crawl Stone Soup version 0.25-a0-737-g26c3a87c45 (webtiles) character file.

Game seed: 17564353099640650944, levelgen mode: deterministic

99 Maedhros the Sneak (level 4, -1/28 HPs)
             Began as an Octopode Artificer on Apr 12, 2020.
             Slain by Grinder (2 damage)
             ... while paralysed by Grinder
             ... on level 4 of the Dungeon.
             The game lasted 00:00:56 (584 turns).

Maedhros the Sneak (Octopode Artificer)              Turns: 584, Time: 00:00:56

Health: -1/28      AC:  1    Str: 11    XL:     4   Next: 72%
Magic:  6/6        EV:  2    Int: 13    God:
Gold:   49         SH:  0    Dex: 13    Spells: 3/3 levels left

rFire    + . .     SeeInvis .   a - +0 short sword
rCold    x . .     Gourm    .   (no shield)
rNeg     . . .     Faith    .   (helmet restricted)
rPois    .         Spirit   .   (no amulet)
rElec    .         Reflect  .   j - ring of fire
rCorr    .         Harm     .   (no ring)
MR       .....                  (no ring)
Stlth    ++++......             (no ring)
HPRegen  0.09/turn              (no ring)
MPRegen  0.10/turn              (no ring)
                                (no ring)
                                (no ring)

@: paralysed
A: almost no armour, stealthy swim, amphibious, 8 rings, constrict 8, camouflage
1, gelatinous body 1
a: no special abilities


You were on level 4 of the Dungeon.
You were not hungry.

You visited 1 branch of the dungeon, and saw 4 of its levels.

You collected 49 gold pieces.

Inventory:

Hand Weapons
 a - a +0 short sword (weapon)
Missiles
 h - 6 poisoned darts (quivered)
Armour
 i - a +0 tower shield
Jewellery
 j - a ring of fire (left tentacle)
Wands
 b - a wand of flame (25)
 c - a wand of enslavement (15)
 d - a wand of random effects (14)
 g - a wand of paralysis (6)
Scrolls
 e - a scroll of random uselessness {unknown}
 k - a scroll of identify
 m - a scroll of amnesia {unknown}
Potions
 l - a potion of magic {unknown}
Comestibles
 f - 2 rations


   Skills:
 - Level 1.0 Fighting
 - Level 1.0 Short Blades
 - Level 2.0 Dodging
 + Level 4.5 Stealth
 + Level 2.8 Unarmed Combat
 - Level 3.2 Evocations


You had 3 spell levels left.
You didn't know any spells.
Your spell library was empty.

Dungeon Overview and Level Annotations

Branches:
Dungeon (4/15)
 Temple: D:4-7

Altars:

Annotations:
D:4 Grinder


Innate Abilities, Weirdness & Mutations

You cannot wear most types of armour.
You are very stealthy in the water. (Stealth+)
You are amphibious.
You can wear up to eight rings at the same time.
You can use your tentacles to constrict eight enemies at once.
Your skin changes colour to match your surroundings (Stealth+).
Your rubbery body absorbs attacks. (AC +1, EV +1)


Message History

There is an escape hatch in the ceiling here.
Grinder comes into view.
Found an escape hatch in the floor.
The helpless Grinder fails to defend herself.
You puncture Grinder! Your grab misses Grinder.
Grinder is moderately wounded.
Grinder gestures at you.
You barely resist. You closely miss Grinder. Your grab misses Grinder.
Grinder is moderately wounded.
Grinder says, "Tell me all your secrets, or I'll kill you."
Grinder gestures at you.
You suddenly lose the ability to move!
Grinder hits you!
You writhe in agony.
Grinder hits you!
* * * LOW HITPOINT WARNING * * *
You writhe in agony.
* * * LOW HITPOINT WARNING * * *
Grinder hits you.
You die...

..#
##.##
###
#...#
#...#
#...#
##.##
#.#
#.#
#.#
#@#
#5#
#.#
#.#
#.#
#>#
...
...


You could see Grinder.

Vanquished Creatures
  A bullfrog (D:3)
  A hound (D:3)
  A dart slug (D:3)
  3 goblins
  2 hobgoblins (D:2)
  A bat (D:2)
  2 kobolds (D:3)
11 creatures vanquished.

Notes
Turn   | Place    | Note
-------+----------+-------------------------------------------
     0 | D:1      | Maedhros the Octopode Artificer began the quest for the
                  | Orb.
     0 | D:1      | Reached XP level 1. HP: 13/13 MP: 3/3
   163 | D:2      | Reached skill level 2 in Stealth
   171 | D:3      | Noticed a bullfrog
   176 | D:3      | Killed a bullfrog
   176 | D:3      | Reached skill level 4 in Stealth
   176 | D:3      | Reached XP level 2. HP: 18/18 MP: 4/4
   176 | D:3      | Reached XP level 3. HP: 23/23 MP: 5/5
   176 | D:3      | Reached XP level 4. HP: 28/28 MP: 6/6
   573 | D:4      | Noticed Grinder
   581 | D:4      | Paralysed by Grinder for 6 turns
   583 | D:4      | HP: 1/28 [Grinder (2)]
   584 | D:4      | Slain by Grinder

Levels and vault maps discovered:
D:1:      minmay_arrival_checkered_box, layout_basic
D:2:      layout_loops_ring, minmay_snake_closets, uniq_jessica
D:3:      layout_basic
D:4:      layout_loops_ring, first_ration, uniq_grinder

Skill      XL: |  1 |
---------------+----+-----
Stealth        | 4 |  4.5
Unarmed Combat | 2 |  2.8
Fighting       | |  1.0
Short Blades   | |  1.0
Dodging        | |  2.0
Evocations     | |  3.2

Action                   |  1- 3 |  4- 6 || total
-------------------------+-------+-------++-------
Melee: Short sword       |    15 |    12 ||    27
       Constrict         |     5 |     4 ||     9
       Tentacles         |     1 |     3 ||     4
Evoke: Wand              |     2 |       ||     2
  Use: Scroll            |     2 |       ||     2
 Stab: Sleeping          |     2 |     1 ||     3
Armor: Skin              |       |     1 ||     1
Dodge: Dodged            |    10 |     5 ||    15

Table legend:
 A = Non-vault XP
 B = Vault XP
 C = Vault XP percentage of total XP
 D = Non-vault monster count
 E = Vault monster count
 F = Vault count percentage of total count
                 A         B        C        D         E       F
            +---------+---------+-------+---------+---------+-------
      Total |     142 |       0 |   0.0 |      11 |       0 |   0.0
            +---------+---------+-------+---------+---------+-------
        D:2 |       8 |       0 |   0.0 |       5 |       0 |   0.0
        D:3 |     134 |       0 |   0.0 |       6 |       0 |   0.0
            +---------+---------+-------+---------+---------+-------
